cohdb
Replays
Latest Replays
All Replays
Popular Replays
Top Player Replays
Match Explorer
How It Works
Community
CoH3 Stats
Reddit
Sign in to upload your games and track your stats! →
Sign in with Steam
Match 35833724
Unlisted
Match 35833724
Overview
Messages
Build Orders
End
Royal Engineer Section
Construct Section Command Post
Selects Indian Artillery Battlegroup
Vickers Machine Gun Team
Infantry Section
Grenade Package
Infantry Section
Construct Platoon Command Post
CMP 15cwt Truck
Selects Towed ML 4.2-inch Heavy Mortar
Construct Company Command Post
Selects Off-map Airburst Barrage
Unlock M3 Grant Medium Tanks
M3 Grant Medium Tank
Selects Valour
Selects Gurkha Rifles Section
Gurkha Rifles Section
Off-map Airburst Barrage
M3 Grant Medium Tank
Koldit
Abazur
Derlis
MuniekPL
|-J5D-| MAREK POLSKA
Husar
0
0
Comments
sign in to comment!
No comments posted yet!